 Dungeon Crawl Stone Soup version 0.25-a0-404-gc1b5a34292 (webtiles) character file.

Game seed: 7156578680692428472, levelgen mode: deterministic

633815 tilp the Slayer (level 27, 0/216 HPs)
             Began as a Halfling Hunter on Jan 7, 2020.
             Was an Elder of Nemelex Xobeh.
             Slain by a death cob (10 damage)
             ... while petrified by an ancient lich
             ... on level 5 of the Realm of Zot on Jan 11, 2020.
             The game lasted 03:50:56 (77911 turns).

tilp the Slayer (Halfling Hunter)                  Turns: 77911, Time: 03:50:56

Health: 0/216      AC: 25    Str: 25    XL:     27
Magic:  0/36       EV:  0    Int: 18    God:    Nemelex Xobeh [****..]
Gold:   6015       SH:  0    Dex: 32    Spells: 26/26 levels left

rFire    + . .     SeeInvis +   a - +8 fustibalus (flame)
rCold    + + .     Gourm    .   Y - +5 shield {reflect}
rNeg     + + +     Faith    .   H - +12 chain mail of Watchfulness {rC+ MR+ Str+7}
rPois    ∞         Spirit   +   q - +2 helmet
rElec    .         Reflect  +   v - scarf {rC+ rF+}
rCorr    .         Harm     .   w - +1 pair of gloves "Ikhlikhl Lura" {Int+6 Dex+7}
MR       +++..                  n - +2 pair of boots
Stlth    +.........             p - amulet of guardian spirit
HPRegen  0.46/turn              L - ring of see invisible
MPRegen  0.25/turn              o - ring of Kisoi {Wiz Str+2 Int+3 Slay+2}

@: about to teleport, petrified, corroded, slowed, constricted
A: small, mutation resistance 1
}: 3/15 runes: decaying, silver, gossamer
a: Draw Escape, Draw Destruction, Draw Summoning, Triple Draw, Deal Four,
Renounce Religion


You were on level 5 of the Realm of Zot.
You worshipped Nemelex Xobeh.
Nemelex Xobeh was greatly pleased with you.
You were not hungry.

You visited 9 branches of the dungeon, and saw 48 of its levels.
You also visited: Bailey and Volcano.

You collected 8273 gold pieces.
You spent 2258 gold pieces at shops.

Inventory:

Hand Weapons
 a - a +8 fustibalus of flaming (weapon)
 b - a +0 rapier of electrocution
Missiles
 s - 97 stones
 R - 3 throwing nets
 T - 43 sling bullets (quivered)
 X - 8 curare-tipped darts
Armour
 n - a +2 pair of boots (worn)
 q - a +2 helmet (worn)
 v - a scarf of resistance (worn)
 w - the +1 pair of gloves "Ikhlikhl Lura" (worn) {Int+6 Dex+7}
   (You found it in a volcano)

   It affects your intelligence (+6).
   It affects your dexterity (+7).
 H - the +12 chain mail of Watchfulness (worn) {rC+ MR+ Str+7}
   (You found it on level 1 of the Lair of Beasts)

   It affects your strength (+7).
   It protects you from cold.
   It affects your resistance to hostile enchantments.
 Y - a +5 shield of reflection (worn)
Jewellery
 o - the ring of Kisoi (right hand) {Wiz Str+2 Int+3 Slay+2}
   (You took it off a frost giant on level 3 of the Vaults)

   [ring of wizardry]

   It improves your spell success rate.
   It affects your strength (+2).
   It affects your intelligence (+3).
   It affects your accuracy and damage with ranged weapons and melee attacks
   (+2).
 p - an amulet of guardian spirit (around neck)
 y - an uncursed ring of flight
 J - the ring "Gicob" {Fire +Inv rPois Str+3 Dex-2}
   (You found it on level 6 of the Lair of Beasts)

   [ring of fire]

   It enhances your fire magic.
   It affects your strength (+3).
   It affects your dexterity (-2).
   It protects you from fire.
   It makes you vulnerable to cold.
   It protects you from poison.
   It lets you turn invisible.
 L - a ring of see invisible (left hand)
 Z - an uncursed ring of resist corrosion
Wands
 d - a wand of iceblast (56)
 t - a wand of acid (36)
 E - a wand of clouds (4)
 I - a wand of scattershot (8)
 N - a wand of paralysis (42)
 O - a wand of digging (7)
Scrolls
 h - 13 scrolls of fear
 k - 32 scrolls of teleportation
 m - 21 scrolls of remove curse
 x - a scroll of silence
 z - 7 scrolls of blinking
 D - 5 scrolls of fog
 M - 9 scrolls of identify
 P - a scroll of holy word
Potions
 e - 4 potions of haste
 f - 17 potions of heal wounds
 g - 8 potions of might
 l - 19 potions of curing
 A - a potion of resistance
 B - 2 potions of magic
 C - 2 potions of mutation
 F - 8 potions of ambrosia
 G - 3 potions of cancellation
 U - 2 potions of agility
Miscellaneous
 i - a fan of gales (inert)
 j - 2 sacks of spiders
 u - a phial of floods
 K - a box of beasts
 Q - a phantom mirror
 W - a lamp of fire (inert)
Comestibles
 c - 79 rations
 r - a chunk of flesh


   Skills:
 + Level 24.4 Fighting
 - Level 14.0 Short Blades
 + Level 17.1(17.5) Slings
 - Level 4.3(9.5) Throwing
 + Level 18.7 Armour
 + Level 23.5 Dodging
 - Level 4.2 Stealth
 + Level 18.7 Shields
 - Level 19.6 Invocations
 - Level 12.0 Evocations


You had 26 spell levels left.
You didn't know any spells.
Your spell library contained the following spells:

 Spells                   Type           Power        Failure   Level  Hunger
 Animate Skeleton         Necr           N/A          32%         1    ##.....
 Beastly Appendage        Tmut           #.....       32%         1    ##.....
 Corona                   Hex            #......      32%         1    ##.....
 Freeze                   Ice            #...         32%         1    ##.....
 Magic Dart               Conj           #...         32%         1    ##.....
 Shock                    Conj/Air       #...         32%         1    ##.....
 Summon Small Mammal      Summ           #...         32%         1    ##.....
 Blink                    Tloc           N/A          45%         2    ###....
 Call Imp                 Summ           #.......     45%         2    ###....
 Ensorcelled Hibernation  Hex/Ice        #.....       45%         2    ###....
 Searing Ray              Conj           #.....       45%         2    ###....
 Slow                     Hex            #.......     45%         2    ###....
 Sticks to Snakes         Tmut           #.......     45%         2    ###....
 Swiftness                Chrm/Air       #.......     45%         2    ###....
 Call Canine Familiar     Summ           #.......     69%         3    ####...
 Confuse                  Hex            #.......     69%         3    ####...
 Confusing Touch          Hex            #.......     69%         3    ####...
 Conjure Flame            Conj/Fire      #.......     69%         3    ####...
 Dazzling Flash           Conj/Hex       #.....       69%         3    ####...
 Gell's Gravitas          Tloc           #.........   69%         3    ####...
 Ignite Poison            Fire/Tmut/Pois #.......     69%         3    ####...
 Inner Flame              Hex/Fire       #.......     69%         3    ####...
 Mephitic Cloud           Conj/Pois/Air  #.......     69%         3    ####...
 Ozocubu's Armour         Chrm/Ice       #.......     69%         3    ####...
 Portal Projectile        Hex/Tloc       #.....       69%         3    ####...
 Spectral Weapon          Hex/Chrm       #.......     69%         3    ####...
 Spider Form              Tmut/Pois      #.........   69%         3    ####...
 Static Discharge         Conj/Air       #.......     69%         3    ####...
 Summon Guardian Golem    Hex/Summ       #.......     69%         3    ####...
 Tukima's Dance           Hex            #.......     69%         3    ####...
 Airstrike                Air            #.........   96%         4    #####..
 Animate Dead             Necr           N/A          96%         4    #####..
 Cause Fear               Hex            #.........   96%         4    #####..
 Hailstorm                Conj/Ice       #.......     96%         4    #####..
 Ice Form                 Ice/Tmut       #.......     96%         4    #####..
 Leda's Liquefaction      Hex/Erth       #.........   96%         4    #####..
 Petrify                  Tmut/Erth      #.......     96%         4    #####..
 Summon Ice Beast         Ice/Summ       #.......     96%         4    #####..
 Summon Lightning Spire   Summ/Air       #.......     96%         4    #####..
 Blade Hands              Tmut           #.........   100%        5    ######.
 Bolt of Magma            Conj/Fire/Erth #.........   100%        5    ######.
 Fireball                 Conj/Fire      #.........   100%        5    ######.
 Irradiate                Conj/Tmut      #.........   100%        5    ######.
 Iskenderun's Battlesphe  Conj/Chrm      #.......     100%        5    ######.
 Lightning Bolt           Conj/Air       #.........   100%        5    ######.
 Metabolic Englaciation   Hex/Ice        #.........   100%        5    ######.
 Silence                  Hex/Air        #.........   100%        5    ######.
 Yara's Violent Unravell  Hex/Tmut       #.........   100%        5    ######.
 Deflect Missiles         Chrm/Air       #.........   100%        6    #######
 Hydra Form               Tmut           #.........   100%        6    #######
 Invisibility             Hex            #.......     100%        6    #######
 Iron Shot                Conj/Erth      #.........   100%        6    #######
 Starburst                Conj/Fire      #.........   100%        6    #######
 Statue Form              Tmut/Erth      #........    100%        6    #######
 Dragon Form              Tmut           #.........   100%        7    #######
 Malign Gateway           Summ/Tloc      #.........   100%        7    #######
 Monstrous Menagerie      Summ           #.........   100%        7    #######
 Orb of Destruction       Conj           #.........   100%        7    #######
 Ring of Flames           Chrm/Fire      #.........   100%        7    #######
 Spellforged Servitor     Conj/Summ      #.........   100%        7    #######
 Summon Greater Demon     Summ           #.........   100%        7    #######
 Discord                  Hex            #.........   100%        8    #######
 Ignition                 Fire           #.........   100%        8    #######
 Summon Horrible Things   Summ           #.........   100%        8    #######


Dungeon Overview and Level Annotations

Branches:
Dungeon (15/15)            Temple (0/1) D:7            Lair (6/6) D:9
  Swamp (4/4) Lair:3       Spider (4/4) Lair:4        Slime (0/5) Lair:5
    Orc (2/2) D:9             Elf (2/3) Orc:2        Vaults (5/5) D:14
  Crypt (0/3) Vaults:3     Depths (5/5) D:15            Zot (5/5) Depths:5
 Bailey (visited)         Volcano (visited)

Altars:
Cheibriados
Dithmenos
Elyvilon
Hepliaklqana
Kikubaaqudgha
Makhleb
Nemelex Xobeh
Okawaru
Qazlal
Ru
Sif Muna
Xom
Yredelemnul

Shops:
D:7 (   D:10 %   Orc:2 *=[(   Elf:1 *   Elf:2 [   Depths:1 =   Depths:4 =}=
Depths:5 :

Portals:
Hell: Depths:1 Depths:2 Depths:3 Depths:4 Depths:5
Abyss: Lair:1 Depths:4 Depths:5
Pandemonium: Depths:2 Depths:3 Depths:4
Ziggurat: Depths:2

Annotations:
Lair:1 2 transporters, Klosterheim's ghost, journeyman CeAM
Swamp:2 Roxanne
Spider:2 1 runed translucent door, LostGamesStreakFreak's ghost, journeyman GrFi
Orc:2 2 transporters, jt's ghost, journeyman HaFi
Elf:2 5 runed translucent doors
Vaults:2 3 brand weapon scrolls here
Depths:4 2 transporters, Ywomigaa's ghost, master FoFi
Zot:4 2 transporters


Innate Abilities, Weirdness & Mutations

You are small and have problems with some larger weapons.
You are somewhat resistant to further mutation.


Message History

* * * LOW HITPOINT WARNING * * *
The golden dragon claws you!
* * * LOW HITPOINT WARNING * * *
The golden dragon tramples you!
* * * LOW HITPOINT WARNING * * *
You hold your ground!
The death cob hits you!
* * * LOW HITPOINT WARNING * * *
The death cob drains your vigour!
You feel as though you will be slow longer.
The tentacled monstrosity tentacle-slaps you but does no damage.
The tentacled monstrosity barely misses you.
The tentacled monstrosity tentacle-slaps you but does no damage.
The tentacled monstrosity grabs you.
The tentacled monstrosity constricts you.
The death cob hits you but does no damage.
The ancient lich touches you but does no damage.
The Orb Guardian is engulfed in blazing flames.
The death cob hits you!!
You die...
Your body disappears without a glow.

.........)...###...............#*
............###.^.###########...#
....^......##....## *#...
...........))..### *##.
..##▓▓▓▓▓▓▓▓▓▓▓# **
...........▓▓▓▓ *
..............▓## ***
.........^.....z## **,,
...............D@# ▓▓▓▓▓▓▓▓▓ *,,,
..............LXL▓▓▓.......▓▓*,,,
.......)........X▓▓...(.....▓*,,,
.............(..°▓........(..▓,^,
..........^.....°(....(0...((.,,,
................○▓...........▓,,,
................○▓▓.........▓▓,,,
.....^...(..p....▓▓▓.......▓▓*,^,
^................▓ ▓▓▓▓▓▓▓▓▓ *,,,


You could see a Killer Klown, a tentacled monstrosity, a golden dragon, 2
ancient liches, a death cob and an Orb Guardian.

Vanquished Creatures
  4 orbs of fire
  3 ancient liches
  3 juggernauts
  Bai Suzhen (Spider:3)
  A shard shrike (Zot:5)
  A Killer Klown (Zot:5)
  A curse toe (Zot:2)
  A caustic shrike (Depths:4)
  13 golden dragons
  2 electric golems
  An iron giant (Depths:3)
  26 tentacled monstrosities
  5 liches
  22 Orb Guardians (Zot:5)
  4 titans
  5 quicksilver dragons
  A thorn hunter (Swamp:4)
  Frances (Swamp:2)
  Agnes (D:15)
  Kirke (Lair:4)
  9 death cobs
  14 shadow dragons
  9 tengu reavers
  7 sphinxes
  Donald (Orc:2)
  9 draconian monks
  13 storm dragons
  A fire giant (shapeshifter) (Vaults:5)
  12 fire giants
  3 draconian knights
  16 frost giants
  2 orc warlords
  5 deep elf sorcerers
  4 draconian scorchers
  5 ghost moths
  Louise (Swamp:1)
  17 vault wardens
  4 iron dragons (Depths:1)
  4 draconian stormcallers
  3 emperor scorpions (Spider:4)
  15 ironheart preservers
  2 war gargoyles (Vaults:5)
  4 spriggan defenders
  14 very ugly things
  A juggernaut skeleton (Depths:1)
  4 draconian shifters
  6 draconian annihilators
  17 stone giants
  3 vampire knights
  6 green draconians
  6 entropy weavers
  8 black draconians
  2 deep elf annihilators (Vaults:5)
  A lorocyproca (Depths:2)
  3 large abominations (Vaults:5)
  6 red draconians
  10 yellow draconians
  2 deep elf demonologists (Vaults:5)
  Azrael (D:15)
  11 white draconians
  15 spark wasps
  9 purple draconians
  2 deep elf death magi
  The ghost of LostGamesStreakFreak the Fighter, a journeyman MiMo of Hepliaklqana (Lair:4)
  23 ettins
  9 fire dragons
  Josephine (Lair:6)
  2 deep elf high priests
  13 ice dragons
  3 rakshasas
  15 yaktaur captains
  34 vault guards
  A spriggan air mage (Depths:2)
  Harold (D:11)
  2 hell beasts
  7 great orbs of eyes
  33 hydras
  4 shambling mangroves
  An anaconda (shapeshifter) (Vaults:5)
  7 centaur warriors
  A death knight (Vaults:4)
  A death yak (D:9)
  9 dancing weapons
  8 deep troll shamans
  18 ogre magi
  48 two-headed ogres
  11 alligators
  3 orc high priests (Orc:2)
  3 tengu warriors
  9 deep troll earth magi
  6 spriggan berserkers
  5 vampire magi
  2 shock serpents (shapeshifter)
  2 shadow wraiths
  12 deep elf knights
  An iron troll (shapeshifter) (Vaults:5)
  7 hell knights
  6 iron trolls
  5 salamander mystics
  4 skeletal warriors
  A fire crab (shapeshifter) (D:15)
  8 swamp dragons
  5 flayed ghosts
  4 unseen horrors
  33 deep trolls
  2 spriggan druids (Swamp:3)
  8 wizards
  4 glowing orange brains
  A gelid demonspawn (Depths:4)
  4 lindwurms (Lair:3)
  Pikel (D:6)
  13 deep elf archers
  11 necromancers
  A golden dragon skeleton (Depths:3)
  24 ironbrand convokers
  2 lindwurms (shapeshifter)
  2 torturous demonspawn
  A harpy (shapeshifter) (Vaults:3)
  An orb spider (shapeshifter) (Vaults:2)
  61 deep elf magi
  19 orb spiders
  14 orc knights
  7 harpies
  4 phantasmal warriors
  12 orc sorcerers
  2 wolf spiders (shapeshifter) (Vaults:5)
  58 ugly things
  2 stone giant zombies
  A wolf spider zombie (D:14)
  8 cyclopes
  20 wolf spiders
  2 moths of wrath (shapeshifter)
  13 salamanders
  A cyclops (shapeshifter) (Vaults:3)
  A shining eye (shapeshifter) (Vaults:3)
  A frost giant zombie (Vaults:3)
  35 moths of wrath
  2 manticores (D:14)
  3 human skeletons
  A shadow dragon skeleton (Vaults:4)
  2 sphinx skeletons (Depths:3)
  6 elephants (Lair:6)
  19 vault sentinels
  A molten gargoyle (Depths:1)
  5 rust devils
  2 black mambas
  A black mamba (shapeshifter) (Vaults:4)
  3 torpor snails
  2 fire giant skeletons
  2 smoke demons (Depths:4)
  A naga mage (D:15)
  A guardian serpent (shapeshifter) (D:15)
  An eye of devastation (Vaults:3)
  A gargoyle (D:13)
  An orange demon (Depths:4)
  17 spiny frogs
  A spriggan zombie (Depths:2)
  8 demonic crawlers
  A hellwing (Depths:2)
  An efreet (D:14)
  8 komodo dragons
  8 freezing wraiths
  6 rime drakes
  A yaktaur skeleton (Depths:1)
  A redback zombie (D:15)
  A golden dragon simulacrum (Depths:1)
  24 jumping spiders
  2 red devils (Depths:2)
  47 yaktaurs
  A merfolk (shapeshifter) (Vaults:1)
  4 polar bears (Lair:6)
  2 tengu conjurers
  7 trolls
  35 hornets
  A jumping spider (shapeshifter) (Vaults:2)
  5 tyrant leeches
  8 bog bodies
  5 hippogriffs
  An ettin zombie (Depths:1)
  42 slime creatures
  10 blink frogs
  2 dream sheep (Lair:6)
  2 air elementals
  2 human simulacra
  7 shadows
  A stone giant simulacrum (Vaults:2)
  19 spriggans
  3 flying skulls (Depths:2)
  2 centaur simulacra
  6 water elementals
  A redback (shapeshifter) (Vaults:2)
  64 redbacks
  27 yaks
  2 spriggan skeletons
  3 basilisks
  27 tarantellas
  A human (shapeshifter) (Vaults:5)
  6 fire bats
  5 wraiths
  5 fire elementals
  6 hogs (Lair:4)
  A chaos spawn (Depths:2)
  A hungry ghost (D:10)
  A steam dragon (D:9)
  2 elf skeletons
  5 vampire mosquitoes
  A swamp worm (shapeshifter) (Vaults:5)
  6 insubstantial wisps
  8 wargs
  A soldier ant (D:11)
  An acid dragon (D:13)
  18 swamp worms
  13 water moccasins
  5 porcupines
  3 floating eyes (shapeshifter)
  2 floating eyes (Depths:2)
  Duvessa (D:4)
  4 hell hounds (D:15)
  A hornet zombie (D:7)
  A sky beast (D:10)
  3 slaves (D:6)
  2 deep troll skeletons
  An ettin simulacrum (Depths:1)
  2 eyes of draining (shapeshifter)
  A phantom (D:13)
  2 necrophages (D:14)
  46 orc warriors
  An eye of draining (D:14)
  14 swamp drakes
  5 black bears
  12 ice beasts
  48 ogres
  21 wolves
  15 boggarts
  12 centaurs
  13 crocodiles
  An elf simulacrum (Depths:1)
  A big kobold (D:14)
  A human zombie (Vaults:4)
  Blork the orc (D:4)
  19 bullfrogs
  3 earth elementals
  A gnoll sergeant (D:12)
  A wyvern skeleton (D:14)
  4 scorpions
  Dowan (D:4)
  7 killer bees
  A wight (D:14)
  2 howler monkeys
  An electric eel (Spider:4)
  11 crimson imps
  2 lava snakes (Lair:4)
  A bullfrog zombie (D:8)
  10 hounds
  4 jellies
  24 orc wizards
  3 quasits
  6 centaur zombies
  25 orc priests
  4 bullfrog skeletons
  3 iguanas
  2 iron imps
  3 centaur skeletons
  12 worker ants
  A hound zombie (D:10)
  2 hound skeletons
  Robin (D:2)
  4 gnolls (D:12)
  2 howler monkey skeletons
  9 adders
  A gnoll (shapeshifter) (Vaults:5)
  2 river rats (D:9)
  6 shadow imps
  5 white imps
  3 ufetubi
  An ooze (D:1)
  2 adder skeletons (D:4)
  A worm (D:2)
  2 ball lightnings
  A dart slug (D:2)
  4 leopard geckos
  128 orcs
  12 bats
  3 giant cockroaches
  10 goblins
  10 hobgoblins
  12 jackals
  5 quokkas
  3 ball pythons
  5 frilled lizards
  9 kobolds
  6 rats
  2 crawling corpses (Vaults:3)
  A fungus (Lair:6)
  3 plants
2264 creatures vanquished.

Vanquished Creatures (collateral kills)
  Arachne (Spider:2)
  A fire giant (Depths:3)
  A spriggan defender (Depths:2)
  Erica (Lair:1)
  2 death yaks (D:9)
  5 two-headed ogres
  An orc sorcerer (Orc:2)
  An orc knight (Orc:2)
  A centaur zombie (D:11)
  A spiny frog (Lair:1)
  Menkaure (D:6)
  3 orc warriors
  A slave (D:6)
  An ogre (D:11)
  3 wights (D:6)
  An iguana (D:6)
  A hell rat (D:9)
  An orc (Orc:2)
27 creatures vanquished.

Vanquished Creatures (others)
  An ancient lich (Zot:5)
  2 vault wardens
  4 stone giants (Vaults:3)
  2 yaktaur captains (Vaults:5)
  2 centaur warriors
  A two-headed ogre (Volcano)
  2 deep elf knights
  5 deep elf archers
  A salamander (Depths:3)
  8 yaktaurs
  An orc warrior (D:11)
  A centaur (D:12)
  A shadow imp (Depths:4)
  3 orcs
  2 bushes (D:14)
  9 fungi
  5 plants
  2 withered plants (Spider:2)
52 creatures vanquished.

Grand Total: 2343 creatures vanquished

Notes
Turn   | Place    | Note
-------+----------+-------------------------------------------
     0 | D:1      | tilp the Halfling Hunter began the quest for the Orb.
     0 | D:1      | Reached XP level 1. HP: 14/14 MP: 1/1
    93 | D:1      | Reached XP level 2. HP: 19/19 MP: 2/2
   484 | D:1      | Reached XP level 3. HP: 24/24 MP: 3/3
   714 | D:2      | Noticed Robin
   961 | D:2      | Reached XP level 4. HP: 29/29 MP: 4/4
  1012 | D:2      | Killed Robin
  1012 | D:2      | Reached XP level 5. HP: 28/34 MP: 5/5
  1586 | D:3      | Found a sparkling altar of Nemelex Xobeh.
  1835 | D:3      | Became a worshipper of Nemelex Xobeh the Trickster
  1870 | D:3      | Received a gift from Nemelex Xobeh
  2010 | D:3      | Reached XP level 6. HP: 39/39 MP: 6/6
  2335 | D:4      | Found a shadowy altar of Dithmenos.
  2365 | D:4      | Received a gift from Nemelex Xobeh
  2366 | D:4      | Noticed Dowan
  2571 | D:4      | Reached skill level 10 in Slings
  2582 | D:4      | Reached * piety under Nemelex Xobeh
  3088 | D:4      | Reached XP level 7. HP: 44/44 MP: 7/7
  3222 | D:4      | Received a gift from Nemelex Xobeh
  3239 | D:4      | Noticed Blork the orc
  3635 | D:5      | Entered Level 5 of the Dungeon
  3948 | D:5      | Reached ** piety under Nemelex Xobeh
  4140 | D:5      | Received a gift from Nemelex Xobeh
  4160 | D:5      | Reached skill level 2 in Fighting
  4160 | D:5      | Reached skill level 1 in Armour
  4165 | D:5      | Reached XP level 8. HP: 51/51 MP: 8/8
  4529 | D:6      | Noticed Pikel
  4541 | D:6      | Reached skill level 3 in Fighting
  4591 | D:6      | Killed Pikel
  4591 | D:6      | Reached skill level 4 in Fighting
  4591 | D:6      | Reached XP level 9. HP: 21/58 MP: 6/9
  4740 | D:6      | Reached skill level 5 in Dodging
  4863 | D:6      | Got a pitted spear
  4864 | D:6      | Identified the cursed +3 spear of Disgust {pierce, rN++
                  | Str-5 Dex+4} (You found it on level 6 of the Dungeon)
  5025 | D:6      | Reached skill level 1 in Invocations
  5025 | D:6      | Reached skill level 1 in Evocations
  5031 | D:6      | Received a gift from Nemelex Xobeh
  5064 | D:6      | Noticed Menkaure
  5074 | D:6      | Killed Menkaure
  5188 | D:7      | Found a snail-covered altar of Cheibriados.
  5190 | D:7      | Upgraded the game from 0.25-a0-388-g41a7e554cb to
                  | 0.25-a0-399-gcf1075a8b3
  5297 | D:7      | Found Qulay's Antique Weapon Shoppe.
  5416 | D:7      | Noticed a hornet
  5425 | D:7      | Killed a hornet
  5452 | D:7      | Received a gift from Nemelex Xobeh
  5526 | D:7      | Found a burning altar of Makhleb.
  5533 | D:7      | Reached *** piety under Nemelex Xobeh
  5608 | D:7      | Found a basalt altar of Yredelemnul.
  5703 | D:7      | Found a staircase to the Ecumenical Temple.
  5947 | D:8      | Noticed a hippogriff
  5962 | D:8      | Killed a hippogriff
  5962 | D:8      | Reached skill level 5 in Invocations
  6003 | D:8      | Reached XP level 10. HP: 63/63 MP: 14/14
  6035 | D:8      | Received a gift from Nemelex Xobeh
  6213 | D:8      | Reached skill level 1 in Shields
  6318 | D:8      | Noticed a two-headed ogre
  6341 | D:8      | Killed a two-headed ogre
  6341 | D:8      | Reached skill level 5 in Shields
  6416 | D:8      | Found an iron altar of Okawaru.
  7056 | D:9      | Noticed a death yak
  7110 | D:9      | Received a gift from Nemelex Xobeh
  7110 | D:9      | Found a sacrificial altar of Ru.
  7239 | D:9      | Noticed a death yak
  7250 | D:9      | Killed a death yak
  7250 | D:9      | Reached skill level 5 in Armour
  7252 | D:9      | Noticed a death yak
  7268 | D:9      | Killed a death yak
  7274 | D:9      | Killed a death yak
  7274 | D:9      | Reached skill level 5 in Fighting
  7395 | D:9      | Found a staircase to the Lair.
  7421 | D:9      | Reached **** piety under Nemelex Xobeh
  7572 | D:9      | Reached XP level 11. HP: 72/72 MP: 15/15
  7611 | D:9      | Found a hazy altar of Hepliaklqana.
  7617 | D:9      | Received a gift from Nemelex Xobeh
  7617 | D:9      | Found a burning altar of Makhleb.
  8348 | D:9      | Found a staircase to the Orcish Mines.
  8428 | D:9      | Reached skill level 6 in Fighting
  8574 | D:10     | Entered Level 10 of the Dungeon
  8896 | D:10     | Found a white marble altar of Elyvilon.
  9432 | D:10     | Found Hoere's Food Emporium.
  9591 | D:10     | Noticed an unseen horror
  9776 | D:10     | Reached skill level 7 in Fighting
 10259 | D:11     | Received a gift from Nemelex Xobeh
 10285 | D:11     | Got a shimmering granite ring
 10286 | D:11     | Identified the ring of Propriety {-Tele MP+9 SInv Stlth+}
                  | (You found it on level 11 of the Dungeon)
 10292 | D:11     | Noticed a two-headed ogre
 10299 | D:11     | Killed a two-headed ogre
 10303 | D:11     | Found a flagged portal.
 10343 | Bailey   | Entered a bailey
 10393 | Bailey   | Reached skill level 8 in Fighting
 10419 | Bailey   | Reached skill level 1 in Short Blades
 11056 | Bailey   | Received a gift from Nemelex Xobeh
 11330 | Bailey   | Noticed an orc knight
 11624 | D:11     | Noticed a cyclops
 11917 | D:11     | Noticed Harold
 11931 | D:11     | Killed Harold
 11931 | D:11     | Reached skill level 5 in Short Blades
 11931 | D:11     | Noticed a skeletal warrior
 11961 | D:10     | Killed an unseen horror
 12326 | D:4      | Killed Dowan
 12444 | D:4      | Killed Blork the orc
 12460 | D:4      | Found a shimmering blue altar of Sif Muna.
 12555 | D:4      | Noticed Duvessa
 12576 | D:4      | Killed Duvessa
 12679 | D:7      | Bought a glowing falchion for 102 gold pieces
 12796 | Lair:1   | Entered Level 1 of the Lair of Beasts
 12796 | Lair:1   | Noticed Erica
 12808 | Lair:1   | Killed Erica
 12808 | Lair:1   | Reached XP level 12. HP: 71/82 MP: 13/16
 12944 | Lair:1   | Received a gift from Nemelex Xobeh
 13410 | Lair:1   | Reached ***** piety under Nemelex Xobeh
 13558 | Lair:1   | Noticed Klosterheim's ghost (journeyman CeAM)
 13612 | Lair:1   | Got a smoking chain mail
 13961 | Lair:1   | Found a one-way gate to the infinite horrors of the Abyss.
 13961 | Lair:1   | Identified the +10 trident of tilp's Pain and Death
                  | {distort, +Blink}
 13961 | Lair:1   | Noticed a spriggan rider
 13970 | Lair:1   | Found a transporter.
 13973 | Lair:1   | Found a transporter.
 14420 | Lair:2   | Identified the +12 chain mail of Watchfulness {rC+ MR+
                  | Str+7} (You found it on level 1 of the Lair of Beasts)
 14441 | Lair:2   | Found a dark tunnel.
 14544 | Volcano  | Entered a volcano
 14555 | Volcano  | Received a gift from Nemelex Xobeh
 14560 | Volcano  | Noticed an ogre mage
 14581 | Volcano  | Killed an ogre mage
 14589 | Volcano  | Found a burning altar of Makhleb.
 14590 | Volcano  | Noticed a two-headed ogre
 14595 | Volcano  | Noticed a two-headed ogre
 14606 | Volcano  | Killed a two-headed ogre
 14606 | Volcano  | Reached skill level 10 in Dodging
 14608 | Volcano  | Killed a two-headed ogre
 14624 | Volcano  | Noticed a two-headed ogre
 14634 | Volcano  | Killed a two-headed ogre
 14634 | Volcano  | Reached skill level 9 in Fighting
 14637 | Volcano  | Noticed a red draconian
 14663 | Volcano  | Noticed a two-headed ogre
 14663 | Volcano  | Noticed a two-headed ogre
 14663 | Volcano  | Noticed a two-headed ogre
 14682 | Volcano  | Killed a two-headed ogre
 14687 | Volcano  | Killed a two-headed ogre
 14688 | Volcano  | Killed a two-headed ogre
 14704 | Volcano  | Killed a red draconian
 14743 | Volcano  | Got a pair of encrusted gloves
 14955 | Lair:2   | Identified the +1 pair of gloves "Ikhlikhl Lura" {Int+6
                  | Dex+7} (You found it in a volcano)
 15038 | Lair:2   | Reached XP level 13. HP: 92/92 MP: 17/17
 15210 | Lair:2   | Reached skill level 10 in Fighting
 15297 | Lair:3   | Received a gift from Nemelex Xobeh
 15548 | Lair:3   | Received a gift from Nemelex Xobeh
 15788 | Lair:3   | Identified the Papyrus of the Ladybird
 15919 | Lair:3   | Noticed a five-headed hydra
 16065 | Lair:3   | You fall into a shaft and drop 3 floors!
 16065 | Lair:6   | Entered Level 6 of the Lair of Beasts
 16096 | Lair:6   | Reached skill level 11 in Fighting
 16112 | Lair:6   | Noticed Josephine
 16121 | Lair:6   | Killed Josephine
 16293 | Lair:6   | Reached skill level 15 in Dodging
 16815 | Lair:4   | Noticed an eight-headed hydra
 16840 | Lair:4   | Killed an eight-headed hydra
 16840 | Lair:4   | Reached skill level 12 in Fighting
 17020 | Lair:3   | Reached XP level 14. HP: 82/103 MP: 14/18
 17130 | Lair:3   | Received a gift from Nemelex Xobeh
 17297 | Lair:3   | Found a staircase to the Swamp.
 17475 | Lair:4   | Found a hole to the Spider Nest.
 17816 | Lair:4   | Reached skill level 5 in Evocations
 17913 | Lair:4   | Noticed Kirke
 17935 | Lair:4   | Killed Kirke
 18252 | Lair:4   | Found a runed translucent door.
 18252 | Lair:4   | Noticed LostGamesStreakFreak's ghost (journeyman MiMo)
 18547 | Lair:5   | Found a staircase to the Slime Pits.
 18697 | Lair:5   | Received a gift from Nemelex Xobeh
 19366 | Lair:5   | Received a gift from Nemelex Xobeh
 20187 | Lair:6   | Got a flickering golden ring
 20333 | Lair:6   | Received a gift from Nemelex Xobeh
 20492 | Lair:6   | Reached skill level 10 in Short Blades
 20985 | D:10     | Reached XP level 15. HP: 100/108 MP: 19/21
 21190 | Lair:4   | Killed LostGamesStreakFreak's ghost
 21665 | D:11     | Found a stormy altar of Qazlal.
 21673 | D:11     | Reached ****** piety under Nemelex Xobeh
 21803 | D:11     | Identified the ring "Gicob" {Fire +Inv rPois Str+3 Dex-2}
                  | (You found it on level 6 of the Lair of Beasts)
 22124 | D:11     | Received a gift from Nemelex Xobeh
 22436 | Orc:1    | Entered Level 1 of the Orcish Mines
 22436 | Orc:1    | Noticed an orc warlord
 22446 | D:9      | Paralysed by an orc sorcerer for 2 turns
 22637 | D:9      | Killed an orc warlord
 23174 | Orc:2    | Entered Level 2 of the Orcish Mines
 23289 | Orc:2    | Noticed Donald
 23311 | Orc:2    | Killed Donald
 23474 | Orc:2    | Found a transporter.
 23502 | Orc:2    | Noticed jt's ghost (journeyman HaFi)
 23996 | Orc:2    | Found a staircase to the Elven Halls.
 24062 | Orc:1    | Received a gift from Nemelex Xobeh
 24409 | Orc:2    | Received a gift from Nemelex Xobeh
 24429 | Orc:2    | Noticed an orc warlord
 24449 | Orc:2    | Killed an orc warlord
 24617 | Orc:2    | Reached skill level 13 in Fighting
 24630 | Orc:2    | Paralysed by an orc sorcerer for 2 turns
 24633 | Orc:2    | Identified the +0 quarterstaff "Kidghaze" {crush, -Tele
                  | Int+4 Dex+4}
 24839 | Orc:2    | Found Xanics's General Store.
 24839 | Orc:2    | Found Tuiceeg's Antique Weapon Emporium.
 24843 | Orc:2    | Found Ledug's Armour Emporium.
 24843 | Orc:2    | Found Iled's Jewellery Boutique.
 24913 | Orc:2    | Bought a runed rapier for 231 gold pieces
 24916 | Orc:2    | Bought a scarf of resistance for 480 gold pieces
 24931 | Orc:2    | Bought an uncursed amulet of guardian spirit for 510 gold
                  | pieces
 25008 | Orc:2    | Found a transporter.
 25338 | D:12     | Found a stormy altar of Qazlal.
 25714 | D:12     | Received a gift from Nemelex Xobeh
 26163 | D:13     | Received a gift from Nemelex Xobeh
 26562 | D:13     | Reached XP level 16. HP: 117/117 MP: 22/22
 27094 | D:14     | Found a gate to the Vaults.
 27345 | D:14     | Received a gift from Nemelex Xobeh
 27500 | D:14     | Reached skill level 10 in Shields
 27972 | D:15     | Entered Level 15 of the Dungeon
 27972 | D:15     | Received a gift from Nemelex Xobeh
 27987 | D:15     | Noticed Agnes
 28001 | D:15     | Killed Agnes
 28240 | D:15     | Reached skill level 14 in Fighting
 28250 | D:15     | Found a staircase to the Depths.
 28720 | D:15     | Noticed Azrael
 28742 | D:15     | Killed Azrael
 29235 | D:15     | Upgraded the game from 0.25-a0-399-gcf1075a8b3 to
                  | 0.25-a0-404-gc1b5a34292
 29550 | Orc:2    | Bought a +5 ring of protection for 935 gold pieces
 29792 | Swamp:1  | Entered Level 1 of the Swamp
 29848 | Lair:3   | Reached skill level 15 in Fighting
 30020 | Lair:3   | Reached XP level 17. HP: 98/127 MP: 18/23
 30775 | Swamp:1  | Noticed Louise
 30788 | Swamp:1  | Killed Louise
 30855 | Swamp:1  | Received a gift from Nemelex Xobeh
 30900 | Swamp:1  | Reached skill level 10 in Armour
 31168 | Swamp:2  | Identified Roxanne's Volume of Shape Shifting
 31168 | Swamp:2  | Noticed Roxanne
 31962 | Swamp:2  | Noticed Frances
 31974 | Swamp:2  | Killed Frances
 32175 | Swamp:3  | Received a gift from Nemelex Xobeh
 32388 | Swamp:3  | Received a gift from Nemelex Xobeh
 33358 | Swamp:4  | Entered Level 4 of the Swamp
 33938 | Swamp:4  | Reached skill level 16 in Fighting
 33990 | Swamp:4  | Reached XP level 18. HP: 135/135 MP: 24/24
 34289 | Swamp:4  | Received a gift from Nemelex Xobeh
 34321 | Swamp:4  | Got a decaying rune of Zot
 34636 | Spider:1 | Entered Level 1 of the Spider Nest
 34931 | Spider:1 | Received a gift from Nemelex Xobeh
 35413 | Spider:1 | Received a gift from Nemelex Xobeh
 35723 | Spider:2 | Found a runed translucent door.
 35724 | Spider:2 | Noticed LostGamesStreakFreak's ghost (journeyman GrFi)
 35987 | Spider:2 | Received a gift from Nemelex Xobeh
 36267 | Spider:2 | Noticed Arachne
 36284 | Spider:2 | Killed Arachne
 36513 | Spider:3 | Noticed Bai Suzhen
 36518 | Spider:3 | Identified the +2 long sword "Inodanke" {vamp, rPois Int-3
                  | Dex+3 Stlth-}
 36537 | Spider:3 | Killed Bai Suzhen
 36537 | Spider:3 | Reached skill level 17 in Fighting
 36616 | Spider:3 | Received a gift from Nemelex Xobeh
 36792 | Spider:3 | Received a gift from Nemelex Xobeh
 37465 | Spider:3 | Received a gift from Nemelex Xobeh
 37561 | Spider:3 | Reached XP level 19. HP: 144/144 MP: 25/25
 38091 | Spider:4 | Entered Level 4 of the Spider Nest
 38186 | Spider:4 | Received a gift from Nemelex Xobeh
 38986 | Spider:4 | Received a gift from Nemelex Xobeh
 39063 | Spider:4 | Reached skill level 18 in Fighting
 39092 | Spider:4 | Reached skill level 1 in Throwing
 39939 | Spider:4 | Got a gossamer rune of Zot
 40435 | Vaults:1 | Entered Level 1 of the Vaults
 40757 | Vaults:1 | Received a gift from Nemelex Xobeh
 41487 | Vaults:1 | Reached skill level 10 in Invocations
 41663 | Vaults:1 | Received a gift from Nemelex Xobeh
 41791 | Vaults:1 | Reached skill level 10 in Evocations
 41795 | Vaults:1 | Reached XP level 20. HP: 115/153 MP: 22/27
 42450 | Vaults:1 | Received a gift from Nemelex Xobeh
 43289 | Vaults:2 | Received a gift from Nemelex Xobeh
 43625 | Vaults:2 | Noticed a lich
 43633 | Vaults:2 | Killed a lich
 44545 | Vaults:3 | Received a gift from Nemelex Xobeh
 44549 | Vaults:3 | Found a staircase to the Crypt.
 44549 | Vaults:3 | Found a basalt altar of Yredelemnul.
 44550 | Vaults:3 | Found an ancient bone altar of Kikubaaqudgha.
 44657 | Vaults:3 | Reached XP level 21. HP: 159/159 MP: 30/30
 44862 | Vaults:3 | Reached skill level 15 in Slings
 45539 | Vaults:3 | Identified the ring of Kisoi {Wiz Str+2 Int+3 Slay+2}
 45843 | Vaults:3 | Paralysed by a floating eye for 2 turns
 46560 | Vaults:3 | Received a gift from Nemelex Xobeh
 47177 | Vaults:4 | Reached XP level 22. HP: 167/167 MP: 31/31
 47661 | Vaults:4 | Received a gift from Nemelex Xobeh
 48909 | Depths:1 | Entered Level 1 of the Depths
 48916 | Depths:1 | Found Iduubutut's Jewellery Shoppe.
 49421 | Depths:1 | Received a gift from Nemelex Xobeh
 49469 | Depths:1 | Found a gateway to Hell.
 49508 | Depths:1 | Reached skill level 15 in Armour
 49645 | Depths:1 | Reached skill level 19 in Fighting
 49988 | Depths:1 | Received a gift from Nemelex Xobeh
 50315 | Depths:1 | Reached XP level 23. HP: 148/174 MP: 24/32
 50754 | Depths:2 | Found a gateway to a ziggurat.
 51329 | Depths:2 | Found a one-way gate leading to the halls of Pandemonium.
 51378 | Depths:2 | Found a shimmering altar of Xom.
 51525 | Depths:2 | Received a gift from Nemelex Xobeh
 53095 | Depths:2 | Received a gift from Nemelex Xobeh
 53524 | Elf:1    | Entered Level 1 of the Elven Halls
 54428 | Elf:1    | Reached XP level 24. HP: 177/182 MP: 31/32
 54583 | Elf:1    | Received a gift from Nemelex Xobeh
 54700 | Elf:1    | Found Vaoleapass's Assorted Antiques.
 54846 | Elf:1    | Identified the Handbook of Creative Confrontation
 55111 | Elf:2    | Reached skill level 15 in Shields
 55341 | Elf:2    | Found Gaichawe's Antique Armour Boutique.
 55434 | Elf:2    | Received a gift from Nemelex Xobeh
 55566 | Elf:2    | Found a huge runed translucent gate.
 55566 | Elf:2    | Found a huge runed translucent gate.
 55566 | Elf:2    | Found a huge runed translucent gate.
 55566 | Elf:2    | Found a huge runed translucent gate.
 55576 | Elf:2    | Found a huge runed translucent gate.
 56164 | Depths:2 | Reached skill level 20 in Fighting
 56954 | Depths:3 | Got a flickering turquoise ring
 57008 | Depths:3 | Identified the ring "Uwirhit" {MR+ MP+9} (You found it on
                  | level 3 of the Depths)
 57170 | Depths:3 | Received a gift from Nemelex Xobeh
 57191 | Depths:3 | Noticed a caustic shrike
 57196 | Depths:3 | a caustic shrike changed into an iron giant
 58186 | Depths:3 | Reached skill level 21 in Fighting
 58207 | Depths:3 | Noticed a golden dragon
 58211 | Depths:3 | Noticed a juggernaut
 58223 | Depths:3 | Killed a golden dragon
 58260 | Depths:3 | Killed a juggernaut
 58617 | Depths:3 | Noticed a juggernaut
 59078 | Depths:3 | Killed a juggernaut
 59142 | Depths:3 | Reached XP level 25. HP: 193/193 MP: 32/32
 59205 | Depths:3 | Got a vibrating glass ring
 59206 | Depths:3 | Identified the ring "Faont" {+Inv rN+} (You found it on
                  | level 3 of the Depths)
 59300 | Depths:3 | Identified the +6 glaive of Oqurchas {protect, rC+ Dex+7}
 60130 | Depths:4 | Reached skill level 22 in Fighting
 60135 | Depths:4 | Found Kiceshut's Gadget Emporium.
 60137 | Depths:4 | Found Diwn's Jewellery Shop.
 60137 | Depths:4 | Found Omatied's Jewellery Shop.
 60595 | Depths:4 | Noticed a juggernaut
 60628 | Depths:4 | Killed a juggernaut
 60764 | Depths:4 | Noticed a caustic shrike
 60774 | Depths:4 | Killed a caustic shrike
 60929 | Depths:4 | Found a transporter.
 60934 | Depths:4 | Noticed a caustic shrike
 60940 | Depths:4 | Noticed Ywomigaa's ghost (master FoFi)
 60949 | Depths:4 | Noticed a caustic shrike
 60956 | Depths:4 | Received a gift from Nemelex Xobeh
 61217 | Depths:4 | Found a transporter.
 61424 | Depths:5 | Entered Level 5 of the Depths
 61968 | Depths:5 | Received a gift from Nemelex Xobeh
 61973 | Depths:5 | Found Xittyrus's One-of-a-Kind Books.
 62141 | Depths:5 | Reached XP level 26. HP: 181/204 MP: 29/32
 62199 | Depths:5 | Reached skill level 23 in Fighting
 62768 | Depths:5 | Found a gate to the Realm of Zot.
 62997 | Depths:5 | Received a gift from Nemelex Xobeh
 63598 | Vaults:5 | Entered Level 5 of the Vaults
 63601 | Vaults:5 | Found the +3 sling "Punk" {acid, rCorr}
 64123 | Vaults:5 | Reached skill level 24 in Fighting
 64328 | Vaults:5 | Identified the +3 arbalest "Gedeirae" {flame, rN+}
 64602 | Vaults:5 | Identified the +11 battleaxe of Makhleb's Outrage {chop,
                  | Str+5}
 64895 | Vaults:5 | Identified the +8 mace "Siti" {flame, Int+5 Dex+4}
 65037 | Vaults:5 | Identified the ring "Pupuq" {rF+ Int+6}
 65112 | Vaults:5 | Identified the cursed +3 spear of Dafosk {freeze, Dex+3
                  | SInv}
 65116 | Vaults:5 | Reached XP level 27. HP: 214/214 MP: 32/32
 65173 | Vaults:5 | Got a silver rune of Zot
 65376 | Vaults:5 | Identified the Compendium of Execration
 65648 | Vaults:5 | Identified the +3 scimitar of Yfooh {slice, Fragile rElec
                  | rF++ Int-3}
 66694 | Vaults:5 | Reached skill level 15 in Invocations
 66922 | Vaults:5 | Received a gift from Nemelex Xobeh
 66939 | Vaults:5 | Identified the Incunabulum of Bewitching Evil
 66995 | Vaults:5 | Noticed an ancient lich
 67017 | Vaults:5 | Killed an ancient lich
 67629 | Vaults:5 | Identified the +9 dagger "Ucwaum" {drain, Fragile rC+
                  | Str+3}
 67629 | Vaults:5 | Identified the +5 leather armour of the Comet {Dex+4}
 68237 | Zot:1    | Entered Level 1 of the Realm of Zot
 69136 | Zot:1    | Received a gift from Nemelex Xobeh
 69452 | Zot:1    | Noticed an orb of fire
 69465 | Zot:1    | Killed an orb of fire
 72327 | Zot:2    | Received a gift from Nemelex Xobeh
 73777 | Zot:3    | Identified the cursed +0 pair of boots "Qoredaza" {Str-5
                  | Int+5 Dex-2 Stlth+} (You found it on level 3 of the Realm
                  | of Zot)
 74368 | Zot:3    | Received a gift from Nemelex Xobeh
 75210 | Zot:4    | Received a gift from Nemelex Xobeh
 75276 | Zot:4    | Found a transporter.
 75514 | Zot:4    | Found a transporter.
 75779 | Zot:5    | Entered Level 5 of the Realm of Zot
 75968 | Zot:5    | Received a gift from Nemelex Xobeh
 76340 | Zot:5    | Noticed an ancient lich
 76382 | Zot:5    | Noticed an ancient lich
 76402 | Zot:5    | Killed an ancient lich
 76421 | Zot:5    | Killed an ancient lich
 76468 | Zot:5    | Noticed an orb of fire
 76487 | Zot:5    | Killed an orb of fire
 76496 | Zot:5    | Noticed a Killer Klown
 76529 | Zot:5    | Noticed a shard shrike
 76529 | Zot:5    | a Killer Klown changed into a shard shrike
 76539 | Zot:5    | Killed a shard shrike
 77043 | Zot:5    | Noticed an ancient lich
 77070 | Zot:5    | Killed an ancient lich
 77231 | Zot:5    | Noticed an orb of fire
 77253 | Zot:5    | Killed an orb of fire
 77696 | Zot:5    | Noticed a Killer Klown
 77748 | Zot:5    | Killed a Killer Klown
 77885 | Zot:5    | Noticed a Killer Klown
 77888 | Zot:5    | Noticed an orb of fire
 77892 | Zot:5    | Noticed an ancient lich
 77897 | Zot:5    | Noticed an ancient lich
 77905 | Zot:5    | Killed an orb of fire
 77910 | Zot:5    | HP: 10/216 [death cob (2)]
 77911 | Zot:5    | Slain by a death cob

Levels and vault maps discovered:
D:1:      dpeg_arrival_ternary, layout_basic, minivault_11,
          kennysheep_small_spiral, minmay_misc_feat_more_columns
D:2:      layout_rooms, first_ration, chequers_serial_rivers_micro_b, uniq_robin
D:3:      layout_loops_ring, nemelex_xobeh_ov_fountains_minmay
D:4:      layout_basic, nicolae_dithmenos_shadow_blocks, tgw_sif,
          hangedman_decor_growths, uniq_duvessa
D:5:      layout_cave_pods, kennysheep_boxes
D:6:      layout_rooms, uniq_menkaure, uniq_pikel
D:7:      layout_rooms, kennysheep_mini_moat, old_standard_altar, temple_green,
          basic_altar, serial_shops, shop
D:8:      layout_cave_pools, okawaru_metal_pillars_3, serial_glass,
          glass_columns_b, glass_columns_a
D:9:      layout_grid_maze, old_standard_altar, grunt_temple_overflow_open,
          dpeg_lair_monsters, erik_orc_1, grunt_ogre_cave
D:10:     layout_layer_cave, serial_shops, shop, elyvilon_altar_4
D:11:     layout_stronghold, enter_bailey_2, minmay_ruined_shrine, uniq_harold
D:12:     layout_long_grid, basic_altar, billiards_dpeg
D:13:     layout_gridville, palyth_stone_intersect, nicolae_underground_beach
D:14:     minmay_bubble_buster, layout_basic, david_vaults_5, minmay_hedge_maze
D:15:     grunt_enter_depths_magical_seal, layout_loops_ring,
          hangedman_decor_clover_reticule, drop_trap, uniq_azrael, uniq_agnes
Lair:1:   layout_cave_pods, gammafunk_ghost_abyssal_escape, grunt_megastairs_3,
          uniq_erica
Lair:2:   layout_cave_shapes, enter_volcano_4, minivault_27
Lair:3:   layout_gridlike, palyth_hydra_swamp_entry, minmay_lindwurm_lava
Lair:4:   layout_gridlike, spider_nest_entry_web_field,
          ebering_ghost_reflecting_pool, uniq_kirke
Lair:5:   layout_cave_pods, slime_dummy
Lair:6:   minmay_lair_end_enchanted_forest, layout_regular_city,
          grunt_megastairs_5, uniq_josephine
Swamp:1:  layout_falls_marsh, hangedman_swamp_blocks,
          infiniplex_staircase_pool_2, uniq_louise
Swamp:2:  layout_falls_marsh, hangedman_swamp_diagram, swamp_pool1,
          uniq_roxanne, uniq_frances
Swamp:3:  layout_falls_marsh, evilmike_swamp_ruin_house_1, swamp_pool5
Swamp:4:  swamp_basic_johnstein, layout_basic_swamp
Spider:1: layout_spider_delve
Spider:2: layout_spider_delve, gammafunk_ghost_grave, uniq_arachne
Spider:3: layout_chambers, drop_trap, uniq_bai_suzhen
Spider:4: spider_rune_water
Orc:1:    layout_diamond_mine
Orc:2:    grunt_orc_tribal_feast, layout_diamond_mine,
          gammafunk_ghost_stat_death, uniq_donald
Elf:1:    eino_elf_arrival_the_gate, layout_geoelf_diagonals, serial_shops,
          nicolae_shop_behind_doors, minmay_elf_sorcery, grunt_ministairs_4,
          nicolae_twisting_strands, minivault_4
Elf:2:    layout_geoelf_octagon, serial_shops, shop
Vaults:1: ontoclasm_vaults_gateway, ontoclasm_vaults_loading_screen,
          vaults_dpeg_encased_lava, hangedman_vaults_stretched_pinwheel,
          st_more_cells, vaults_room_door_ring, nicolae_vaults_specimen_jars,
          vaults_standard_mumra_enter_the_diamond, layout_vaults_omnigrid
Vaults:2: st_spiral_rooms, vaults_dpeg_doors, nicolae_vaults_diagonal_hallway_6,
          grunt_vaults_trifunnel, v_misc_18, vaults_room_ringed_pool,
          vaults_mumra_minichess_inversion, v_misc_32,
          nicolae_vaults_mini_display_case, ontoclasm_vaults_misaligned,
          layout_vaults_maze_snakey
Vaults:3: st_greater_box_4, nicolae_vaults_big_ls,
          minmay_crypt_entry_necro_gods, v_rooms_3,
          nicolae_vaults_ring_of_whatevers, nicolae_vaults_gold_heap,
          ontoclasm_vaults_hangar, hangedman_vaults_nodes,
          hangedman_vaults_corner_blocks, v_alt_pattern_2,
          hangedman_vaults_cutoff, dpeg_vaults_monster_box,
          layout_vaults_omnicross
Vaults:4: v_misc_11, vaults_dpeg_diagonal, nicolae_vaults_stairing_the_circle,
          nicolae_vaults_disjoint_gnomons, nicolae_vaults_little_squares_6,
          v_misc_25, v_misc_28, vaults_room_boxed, vaults_dpeg_ring,
          nicolae_vaults_network_square, nicolae_vaults_little_ls,
          layout_vaults_omnibox
Vaults:5
Depths:1: layout_roguey, serial_shops, nicolae_shop_statue_plus,
          pf_vacation_house_of_asmodeus, minmay_misc_feat_diagonals,
          nicolae_two_hexagons, chequers_decorated_corner, minmay_metal_thing
Depths:2: minmay_triangles_in_corner, layout_cave_pools, enter_ziggurat_b,
          grunt_mini_vestibule, grunt_pan_entry_spiral, lemuel_crystal_altar,
          drop_trap, minmay_staircase_windowed_small
Depths:3: kennysheep_large_vault, layout_cave_pools, grunt_hell_entry_dis_grunt,
          pan_entry, hangedman_abyss_or_decor_passed, drop_trap,
          infiniplex_staircase_star
Depths:4: dpeg_oklob_shooting_range, layout_basic, grunt_pan_entry_sceptre,
          minmay_strange_pillars, gammafunk_ghost_berserking_beasts, hell_entry,
          abyss_entry_crystal, nicolae_lava_and_water, evilmike_ambush
          [evilmike_ambush_outer_pillars, evilmike_ambush_inner_basic],
          infiniplex_staircase_split_hallway, minmay_shop_grove
Depths:5: grunt_zot_entry_hairpin, layout_gridlike, abyss_entry,
          hangedman_tar_grid_catacomb, hangedman_decor_points,
          nicolae_rare_books, serial_bayou_shore_b
Zot:1:    layout_twisted_circle, zot_minivault_8
Zot:2:    layout_cathedral_of_symmetry
Zot:3:    layout_basic, st_stairs_9
Zot:4:    gammafunk_dig_for_victory, layout_misc_corridors
Zot:5:    layout_basic

Skill      XL: |  1  2  3  4  5  6  7  8  9 10 11 12 13 14 15 16 17 18 19 20 21 22 23 24 25 26 27 |
---------------+----------------------------------------------------------------------------------+-----
Slings         | 6 7 8 9 11 12 14 15 17 | 17.1
Fighting       | 2 4 5 8 9 12 13 15 16 17 18 19 21 22 24 | 24.4
Armour         | 1 4 5 6 8 10 11 13 15 18 | 18.7
Dodging        | 3 4 6 7 8 12 15 16 18 19 20 21 23 | 23.5
Invocations    | 5 6 8 10 12 13 19 | 19.6
Evocations     | 4 8 10 11 12 | 12.0
Shields        | 5 9 10 11 13 14 15 18 | 18.7
Short Blades   | 7 8 10 12 13 14 | 14.0
Stealth        | 4 |  4.2
Throwing       | 4 |  4.3

Action                   |  1- 3 |  4- 6 |  7- 9 | 10-12 | 13-15 | 16-18 | 19-21 | 22-24 | 25-27 || total
-------------------------+-------+-------+-------+-------+-------+-------+-------+-------+-------++-------
Melee: Short sword       |    52 |    27 |       |   282 |    25 |       |       |       |       ||   386
       Falchion          |       |     9 |    57 |    48 |       |       |       |       |       ||   114
       Dagger            |       |       |       |    15 |       |       |       |       |       ||    15
       Hunting sling     |       |       |       |     3 |       |       |       |       |       ||     3
       Fustibalus        |       |       |       |       |     1 |     2 |       |       |       ||     3
       Rapier            |       |       |       |       |       |   339 |     1 |   145 |   258 ||   743
 Fire: Hunting sling     |    52 |   178 |   278 |   747 |       |       |       |       |       ||  1255
       Fustibalus        |       |       |       |    18 |  1394 |  1392 |  1837 |  2108 |  3335 || 10084
Throw: Dart              |       |     4 |    20 |    28 |       |     9 |       |       |       ||    61
       Stone             |       |       |       |       |       |       |       |       |     1 ||     1
Invok: Triple Draw       |       |       |       |       |     6 |       |     4 |    10 |    10 ||    30
       Deal Four         |       |       |       |       |       |       |       |     1 |     1 ||     2
 Abil: Draw Destruction  |       |       |     1 |    17 |     2 |     9 |       |       |     2 ||    31
       Draw Summoning    |       |       |     1 |     9 |     4 |     4 |       |     2 |     1 ||    21
       Evoke Flight      |       |       |       |     6 |     1 |       |       |     3 |       ||    10
       Stop Flying       |       |       |       |     2 |       |       |       |       |       ||     2
       Evoke Invisibilit |       |       |       |       |       |       |       |       |     1 ||     1
Evoke: Wand              |       |       |       |     3 |     5 |       |       |     2 |     1 ||    11
       Sack of spiders   |       |       |       |       |     2 |       |       |       |       ||     2
       Fan of gales      |       |       |       |       |     1 |       |     1 |       |     1 ||     3
       Phial of floods   |       |       |       |       |       |       |     1 |       |       ||     1
       Lamp of fire      |       |       |       |       |       |       |       |     1 |     1 ||     2
  Use: Scroll            |     3 |     4 |     9 |    20 |     3 |    11 |     2 |     3 |    15 ||    70
       Potion            |       |       |       |       |       |       |       |       |     6 ||     6
 Stab: Distracted        |       |       |       |     1 |       |       |       |       |       ||     1
       Held in net/web   |       |       |       |       |       |     1 |       |       |       ||     1
       Invisible         |       |       |       |       |       |       |       |       |     1 ||     1
  Eat: Chunk             |       |     6 |     9 |    20 |    27 |    20 |    24 |    31 |    46 ||   183
       Ration            |       |       |       |     3 |     2 |     4 |     1 |     1 |     3 ||    14
Armor: Leather armour    |     3 |       |       |       |       |       |       |       |       ||     3
       Scale mail        |    41 |    31 |       |       |       |       |       |       |       ||    72
       Chain mail        |       |     7 |    86 |   103 |   172 |   262 |   175 |   210 |   348 ||  1363
       Plate armour      |       |       |       |   192 |       |       |       |       |       ||   192
Dodge: Dodged            |    77 |    68 |    73 |   264 |   574 |   726 |   464 |   874 |  1274 ||  4394
Block: Buckler           |       |       |       |   169 |   267 |       |       |       |       ||   436
       Shield            |       |       |       |       |    51 |   659 |   472 |   828 |  1399 ||  3409
       Reflection        |       |       |       |       |    10 |    12 |    59 |    61 |    57 ||   199
       Rpst.: Falchion   |       |     1 |    14 |    12 |       |       |       |       |       ||    27

Table legend:
 A = Non-vault XP
 B = Vault XP
 C = Vault XP percentage of total XP
 D = Non-vault monster count
 E = Vault monster count
 F = Vault count percentage of total count
                 A         B        C        D         E       F
            +---------+---------+-------+---------+---------+-------
      Total |  838108 |  730969 |  46.6 |    1513 |     797 |  34.5
            +---------+---------+-------+---------+---------+-------
        D:1 |      60 |       6 |   9.1 |      25 |       3 |  10.7
        D:2 |     105 |      24 |  18.6 |      22 |       5 |  18.5
        D:3 |     107 |       0 |   0.0 |      24 |       0 |   0.0
        D:4 |     283 |     298 |  51.3 |      15 |       3 |  16.7
        D:5 |     687 |       0 |   0.0 |      16 |       0 |   0.0
        D:6 |     543 |     764 |  58.5 |      15 |       2 |  11.8
        D:7 |    1044 |       0 |   0.0 |      15 |       0 |   0.0
        D:8 |    1816 |     130 |   6.7 |      23 |       1 |   4.2
        D:9 |    4514 |    2785 |  38.2 |      41 |      28 |  40.6
       D:10 |    2441 |     910 |  27.2 |      26 |       4 |  13.3
       D:11 |    3890 |    3190 |  45.1 |      28 |       7 |  20.0
       D:12 |    4292 |    1225 |  22.2 |      21 |       3 |  12.5
       D:13 |    5878 |     888 |  13.1 |      35 |       4 |  10.3
       D:14 |    6845 |    8615 |  55.7 |      27 |      23 |  46.0
       D:15 |   12551 |    9755 |  43.7 |      26 |      19 |  42.2
     Lair:1 |    2043 |    1011 |  33.1 |      10 |       4 |  28.6
     Lair:2 |    3095 |       0 |   0.0 |      15 |       0 |   0.0
     Lair:3 |   14144 |    5036 |  26.3 |      36 |      10 |  21.7
     Lair:4 |    6467 |    4352 |  40.2 |      18 |       8 |  30.8
     Lair:5 |    4974 |       0 |   0.0 |      21 |       0 |   0.0
     Lair:6 |    6303 |   14304 |  69.4 |      25 |      61 |  70.9
    Swamp:1 |    6232 |    1649 |  20.9 |      14 |       1 |   6.7
    Swamp:2 |    9018 |    2272 |  20.1 |      23 |       1 |   4.2
    Swamp:3 |   15633 |     404 |   2.5 |      36 |       3 |   7.7
    Swamp:4 |    5270 |   22349 |  80.9 |      11 |      32 |  74.4
   Spider:1 |   19219 |       0 |   0.0 |      54 |       0 |   0.0
   Spider:2 |    3482 |    2684 |  43.5 |      11 |       1 |   8.3
   Spider:3 |   14113 |    5648 |  28.6 |      43 |       1 |   2.3
   Spider:4 |   11117 |   23736 |  68.1 |      32 |      43 |  57.3
      Orc:1 |    2717 |       0 |   0.0 |      30 |       0 |   0.0
      Orc:2 |    4441 |    9109 |  67.2 |      27 |      31 |  53.4
      Elf:1 |   24135 |   11233 |  31.8 |      41 |      18 |  30.5
      Elf:2 |    5754 |    1826 |  24.1 |      11 |       2 |  15.4
   Vaults:1 |   32221 |   16717 |  34.2 |      61 |      23 |  27.4
   Vaults:2 |   25973 |   30614 |  54.1 |      56 |      39 |  41.1
   Vaults:3 |   31478 |   59169 |  65.3 |      56 |      67 |  54.5
   Vaults:4 |   22763 |   23122 |  50.4 |      31 |      30 |  49.2
   Vaults:5 |   57410 |  141460 |  71.1 |      78 |      95 |  54.9
   Depths:1 |   55636 |    8527 |  13.3 |      75 |       8 |   9.6
   Depths:2 |   41898 |   24984 |  37.4 |      55 |      37 |  40.2
   Depths:3 |   52806 |   64966 |  55.2 |      76 |      46 |  37.7
   Depths:4 |   19606 |   37561 |  65.7 |      23 |      32 |  58.2
   Depths:5 |   47293 |   24726 |  34.3 |      48 |      16 |  25.0
      Zot:1 |   56493 |   27147 |  32.5 |      31 |      20 |  39.2
      Zot:2 |   88730 |       0 |   0.0 |      49 |       0 |   0.0
      Zot:3 |   40595 |    5241 |  11.4 |      23 |       3 |  11.5
      Zot:4 |   38334 |       0 |   0.0 |      20 |       0 |   0.0
      Zot:5 |   23659 |  124629 |  84.0 |      14 |      33 |  70.2
     Bailey |       0 |    1102 | 100.0 |       0 |      22 | 100.0
    Volcano |       0 |    6801 | 100.0 |       0 |       8 | 100.0
            +---------+---------+-------+---------+---------+-------
